 Dungeon Crawl Stone Soup version 0.30-a0-578-gdee14c521f (webtiles) character file.

Game seed: 14522168825522035169

49070 wormed the Unseen (level 14, -11/76 HPs)
             Began as a Spriggan Hunter on Dec 31, 2022.
             Was the Champion of Okawaru.
             Mangled by Rupert
             ... wielding a +4 battleaxe of draining
              (22 damage)
             ... while petrified by a catoblepas
             ... on level 13 of the Dungeon on Jan 1, 2023.
             The game lasted 00:37:25 (18702 turns).

wormed the Unseen (Spriggan Hunter)                Turns: 18702, Time: 00:37:25

Health: -11/76     AC:  9    Str: 11    XL:     14   Next: 14%
Magic:  15/15      EV:  4    Int: 12    God:    Okawaru [******]
Gold:   714        SH:  0    Dex: 33    Spells: 13/13 levels left

rFire   . . .      SeeInvis +    S - +2 arbalest (freeze)
rCold   + + .      Faith    +    (shield currently unavailable)
rNeg    + + +      Spirit   .    r - +2 robe {Will+}
rPois   ∞          Reflect  .    b - +2 hat of the Evening {Contam Dex+3 Slay+3}
rElec   .          Harm     .    M - +2 cloak "Ecsa" {*Corrode rC++ Str+4}
rCorr   +          Rampage  .    (gloves unavailable)
Will    +++..                    (boots unavailable)
Stlth   ++++++++                 R - amulet of faith
HPRegen 0.32/turn                g - +6 ring of dexterity
MPRegen 0.14/turn                a - ring "Kidaathrumo" {Fly rCorr Dex+2}

@: petrified, flying, studying Polearms, very quick
A: very small, no large weapons, unfitting armour, see invisible, speed 3
a: Renounce Religion, Heroism, Finesse, Duel


You were on level 13 of the Dungeon.
You worshipped Okawaru.
Okawaru was exalted by your worship.
You visited 3 branches of the dungeon, and saw 19 of its levels.
You also visited: Volcano.

You collected 1386 gold pieces.
You spent 672 gold pieces at shops.

Inventory:

Hand Weapons
 S - a +2 arbalest of freezing (weapon)
Armour
 b - the +2 hat of the Evening (worn) {Contam Dex+3 Slay+3}
   (Okawaru gifted it to you on level 3 of the Lair of Beasts)

   Dex:       It affects your dexterity (+3).
   Slay:      It affects your accuracy & damage with ranged weapons and melee
   (+3).
   Contam:    It causes magical contamination when unequipped.
 n - a +1 cloak
 r - a +2 robe of willpower (worn)
 M - the +2 cloak "Ecsa" (worn) {*Corrode rC++ Str+4}
   (Okawaru gifted it to you in a volcano)

   Str:       It affects your strength (+4).
   rC:        It greatly protects you from cold.
   *Corrode:  It may corrode you when you take damage.
Jewellery
 a - the ring "Kidaathrumo" (right hand) {Fly rCorr Dex+2}
   (You bought it in a shop on level 2 of the Dungeon)

   [ring of flight]

   Dex:       It affects your dexterity (+2).
   Fly:       It grants you flight.
   rCorr:     It protects you from acid and corrosion.
 f - a ring of fire
 g - a +6 ring of dexterity (left hand)
 q - a ring of positive energy
 s - an amulet of regeneration
 D - a +4 ring of protection
 P - an amulet of the acrobat
 R - an amulet of faith (around neck)
 T - a +5 ring of evasion
Wands
 y - a wand of iceblast (40)
 H - a wand of digging (19)
 J - a wand of quicksilver (10)
 K - a wand of flame (6)
Scrolls
 c - 3 scrolls of blinking
 d - 4 scrolls of noise
 e - 3 scrolls of vulnerability
 k - a scroll of silence
 l - a scroll of enchant armour
 p - a scroll of amnesia
 t - 3 scrolls of fear
 x - 2 scrolls of torment
 F - 5 scrolls of teleportation
 L - 3 scrolls of immolation
 O - a scroll of fog
 Q - 2 scrolls of enchant weapon
 U - 2 scrolls of identify
Potions
 h - 3 potions of might
 i - 2 potions of resistance
 j - 6 potions of mutation
 m - 3 potions of flight
 o - 4 potions of heal wounds
 u - 9 potions of attraction
 v - 6 potions of haste
 w - a potion of ambrosia
 z - 3 potions of lignification
 A - 2 potions of berserk rage
 B - 7 potions of curing
 C - 2 potions of invisibility
 E - 2 potions of cancellation
 G - 3 potions of degeneration
 I - 2 potions of brilliance
 N - 2 potions of magic


   Skills:
 + Level 9.7 Fighting
 * Level 16.2 Ranged Weapons
 + Level 14.7 Dodging
 + Level 17.0 Stealth


You had 13 spell levels left.
You didn't know any spells.
Your spell library contained the following spells:

 Spells                   Type           Power      Damage    Failure   Level
 Freeze                   Ice            0%         1d3       32%         1
 Ensorcelled Hibernation  Hex/Ice        0%         N/A       45%         2
 Passwall                 Tmut/Erth      0%         N/A       45%         2
 Scorch                   Fire           0%         2d5       45%         2
 Frozen Ramparts          Ice            0%         1d1       69%         3
 Hailstorm                Conj/Ice       0%         3d3       69%         3
 Portal Projectile        Hex/Tloc       0%         N/A       69%         3
 Swiftness                Air            0%         N/A       69%         3
 Vhi's Electric Charge    Tloc/Air       0%         N/A       69%         3
 Leda's Liquefaction      Hex/Erth       0%         N/A       97%         4
 Arcjolt                  Conj/Air       0%         1d10      100%        5
 Iskenderun's Battlesphe  Conj           0%         2d6       100%        5
 Iron Shot                Conj/Erth      0%         9d1       100%        6
 Dragon Form              Tmut           0%         N/A       100%        7
 Maxwell's Capacitive Co  Air            0%         ∞         100%        8
 Call Canine Familiar     Summ           Unusable   N/A       N/A         3
 Spellforged Servitor     Conj/Summ      Unusable   N/A       N/A         7

Dungeon Overview and Level Annotations

Branches:
Dungeon (13/15)            Temple (1/1) D:5            Lair (5/5) D:9
  Swamp (0/4) Lair:2       Spider (0/4) Lair:3        Slime (0/5) Lair:4
    Orc (0/2) D:11        Volcano (visited)
 Vaults: D:13-14

Altars:
Ashenzari
Cheibriados
Dithmenos
Elyvilon
Fedhas
Gozag
Hepliaklqana
Kikubaaqudgha
Makhleb
Nemelex Xobeh
Okawaru
Qazlal
Ru
Sif Muna
Trog
Uskayaw
Vehumet
Wu Jian
Xom
Yredelemnul
Zin
The Shining One
Jiyva

Shops:
D:2 ==?[   D:3 [   D:10 (

Annotations:
D:10 1 runed translucent door, sirJeffrey23's ghost, journeyman TrMo
D:13 Rupert
Lair:1 2 transporters, Tuexibol's ghost, journeyman TrFi


Innate Abilities, Weirdness & Mutations

You are very small and have problems with some larger weapons.
You are too small for most types of armour.
You have supernaturally acute eyesight. (SInv)
You cover ground extremely quickly. (Speed+++)


Message History

Rupert is moderately wounded.
You are engulfed in calcifying dust.
You are slowing down.
Rupert is engulfed in calcifying dust.
Rupert stops moving altogether!
Rupert is engulfed in calcifying dust.
Your limbs are stiffening.
You have turned to stone.
Rupert is no longer petrified.
Rupert roars madly and goes into a rage!
Rupert goes berserk!
The catoblepas breathes a plume of calcifying dust at you.
The blast of calcifying dust hits Rupert.
The blast of calcifying dust hits you.
Rupert is engulfed in calcifying dust.
Rupert is moving more slowly.
You hear a shout! x2
You are engulfed in calcifying dust.
Rupert is engulfed in calcifying dust.
Rupert stops moving altogether!
You are engulfed in calcifying dust.
Rupert is engulfed in calcifying dust.
You are engulfed in calcifying dust.
Rupert is engulfed in calcifying dust. x2
You turn to flesh and can move again.
You are engulfed in calcifying dust.
Rupert is engulfed in calcifying dust.
You are engulfed in calcifying dust.
You are slowing down.
Really fly into that cloud of calcifying dust? [Y]es or [N]o only, please.
Really fly into that cloud of calcifying dust?
Okay, then.
Really fly into that cloud of calcifying dust?
Okay, then.
As you read the scroll of fog, it crumbles to dust.
The scroll dissolves into smoke.
Your limbs are stiffening.
Really fly into that cloud of calcifying dust?
You are engulfed in calcifying dust.
You hear a shout!
You have turned to stone.
Rupert hits you with a +4 battleaxe of draining!! x4
* * * LOW HITPOINT WARNING * * *
Rupert hits you with a +4 battleaxe of draining!!
* * * LOW HITPOINT WARNING * * *
Rupert hits you with a +4 battleaxe of draining!!!
You die...

#......# ##...## #.#
#####.## ##'## #.# #.# #.#
#.# #.# #.# #.# #.# ##.##
#.# #.# ##...## #.#
#.########.....### #.#
#.##.............# #.#
#....#######@###.#######.#
###### #@# #.........# #§#
########### #.# #.# #.#
#.# #†# #†#


You could see Rupert (berserk).

Vanquished Creatures
  A red draconian (Volcano)
  2 hydras
  A catoblepas (Lair:5)
  A two-headed ogre (D:9)
  A deep troll shaman (Lair:5)
  7 death yaks
  2 boulder beetles
  Urug (D:12)
  Nergalle (Lair:1)
  A bog body (Lair:2)
  An orc knight (Volcano)
  A lindwurm (Lair:5)
  A deep elf pyromancer (D:12)
  2 salamanders (Volcano)
  3 cyclopes (Volcano)
  3 elephants (Lair:5)
  3 black mambas
  A torpor snail (Lair:1)
  14 cane toads
  4 molten gargoyles (Volcano)
  4 komodo dragons
  4 gargoyles
  An unseen horror (D:12)
  6 kobold demonologists
  3 rime drakes
  A troll (D:9)
  6 polar bears
  Grinder (D:6)
  5 hornets
  7 blink frogs
  2 shadows
  3 slime creatures (D:13)
  A wraith (D:10)
  2 wyverns
  3 humans (D:13)
  38 yaks
  Grum (D:10)
  2 basilisks
  7 vampire mosquitoes
  A warg (D:11)
  Edmund (D:4)
  13 water moccasins
  An ice beast (D:8)
  2 black bears
  A sky beast (D:7)
  8 orc warriors
  35 wolves
  9 centaurs
  3 ogres
  3 phantoms
  8 kobold brigands
  8 bullfrogs
  A necrophage (D:4)
  6 scorpions
  9 wights
  A gnoll sergeant (D:12)
  9 killer bees
  6 howler monkeys
  4 electric eels
  A crimson imp (D:11)
  7 jellies
  Crazy Yiuf (D:7)
  9 orc priests
  4 hounds (D:9)
  A gnoll bouda (D:4)
  11 orc wizards
  2 iguanas (D:4)
  7 hell rats
  11 gnolls
  8 adders
  A shadow imp (D:5)
  3 white imps
  An ufetubus (D:6)
  6 worms
  5 dart slugs
  61 orcs
  10 ball pythons
  7 bats
  11 endoplasms
  4 giant cockroaches
  8 goblins
  4 hobgoblins
  3 jackals (D:4)
  5 quokkas
  6 frilled lizards
  48 kobolds
  8 rats
  A butterfly (D:5)
531 creatures vanquished.

Vanquished Creatures (others)
  A bush (Lair:4)
  22 fungi
  40 plants
63 creatures vanquished.

Grand Total: 594 creatures vanquished

Notes
Turn   | Place    | Note
-------+----------+-------------------------------------------
     0 | D:1      | wormed the Spriggan Hunter began the quest for the Orb.
     0 | D:1      | Reached XP level 1. HP: 10/10 MP: 2/2
   155 | D:1      | Reached skill level 2 in Stealth
   188 | D:1      | Reached XP level 2. HP: 9/15 MP: 3/3
   303 | D:1      | Found a faded altar of an unknown god.
   342 | D:1      | Reached XP level 3. HP: 18/18 MP: 4/4
   900 | D:2      | Found Vipuy's Armour Shoppe.
  1090 | D:2      | Found Nod Feu's Jewellery Boutique.
  1118 | D:2      | Found Yzuceuny's Jewellery Boutique.
  1152 | D:2      | Found Saman's Magic Scroll Shop.
  1161 | D:2      | Bought a scroll of identify for 24 gold pieces
  1161 | D:2      | Bought a scroll of identify for 24 gold pieces
  1197 | D:2      | Reached skill level 3 in Stealth
  1201 | D:2      | Reached XP level 4. HP: 23/23 MP: 5/5
  1695 | D:3      | Found Somira Uves's Armour Shoppe.
  1845 | D:3      | Reached skill level 5 in Ranged Weapons
  2156 | D:3      | Found a basalt altar of Yredelemnul.
  2156 | D:3      | Found a sacrificial altar of Ru.
  2312 | D:3      | Reached XP level 5. HP: 26/26 MP: 6/6
  2816 | D:4      | Reached skill level 4 in Stealth
  2962 | D:4      | Reached XP level 6. HP: 27/32 MP: 7/7
  3302 | D:4      | Reached skill level 5 in Stealth
  3305 | D:4      | Found a white marble altar of Elyvilon.
  3477 | D:3      | Bought a +2 robe of willpower for 247 gold pieces
  3518 | D:5      | Entered Level 5 of the Dungeon
  3587 | D:5      | Noticed Edmund
  3628 | D:4      | Reached skill level 5 in Dodging
  3628 | D:4      | Reached XP level 7. HP: 36/36 MP: 8/8
  4071 | D:5      | Reached skill level 6 in Stealth
  4110 | D:5      | Found a staircase to the Ecumenical Temple.
  4122 | Temple   | Entered the Ecumenical Temple
  4391 | D:4      | Killed Edmund
  4489 | D:5      | Reached XP level 8. HP: 42/42 MP: 9/9
  4858 | D:6      | Reached skill level 7 in Stealth
  4998 | D:6      | Found a burning altar of Makhleb.
  5102 | D:6      | Noticed Grinder
  5153 | D:6      | Killed Grinder
  5410 | D:7      | Reached skill level 8 in Stealth
  5490 | D:7      | Found a blossoming altar of Fedhas.
  5504 | D:7      | Found an iron altar of Okawaru.
  5535 | D:7      | Became a worshipper of Warmaster Okawaru
  5636 | D:7      | Reached XP level 9. HP: 46/46 MP: 10/10
  6140 | D:7      | Found a runed translucent door.
  6141 | D:7      | Noticed Crazy Yiuf
  6400 | D:7      | Killed Crazy Yiuf
  6478 | D:8      | Found a shimmering altar of Xom.
  6479 | D:8      | Found a shimmering altar of Xom.
  6489 | D:8      | Found a shimmering altar of Xom.
  6490 | D:8      | Found a shimmering altar of Xom.
  6491 | D:8      | Found a shimmering altar of Xom.
  6493 | D:8      | Found a shimmering altar of Xom.
  6578 | D:8      | Reached skill level 5 in Fighting
  6578 | D:8      | Reached skill level 9 in Stealth
  6756 | D:8      | Reached * piety under Okawaru
  7420 | D:8      | Reached ** piety under Okawaru
  7542 | D:9      | Noticed a troll
  7566 | D:9      | Killed a troll
  7567 | D:9      | Reached skill level 10 in Ranged Weapons
  7567 | D:9      | Reached skill level 10 in Stealth
  7599 | D:9      | Found a staircase to the Lair.
  7659 | D:9      | Reached XP level 10. HP: 52/52 MP: 11/11
  8051 | D:9      | Reached *** piety under Okawaru
  8121 | D:9      | Noticed a two-headed ogre
  8184 | D:9      | Killed a two-headed ogre
  8312 | D:9      | Reached **** piety under Okawaru
  8313 | D:9      | Reached skill level 11 in Stealth
  8531 | D:10     | Entered Level 10 of the Dungeon
  8733 | D:10     | Found Moracem's Antique Weapon Boutique.
  8890 | D:10     | Noticed Grum
  8928 | D:10     | Killed Grum
  8963 | D:10     | Reached skill level 10 in Dodging
  9202 | D:10     | Noticed a sun demon
  9205 | D:10     | Noticed a rust devil
  9275 | Lair:1   | Entered Level 1 of the Lair of Beasts
  9277 | Lair:1   | Noticed a five-headed hydra
  9277 | Lair:1   | Noticed an eight-headed hydra
  9282 | Lair:1   | Noticed Tuexibol's ghost (journeyman TrFi)
  9290 | Lair:1   | Found a transporter.
  9298 | Lair:1   | Found a transporter.
  9303 | Lair:1   | Noticed a cane toad
  9312 | Lair:1   | Killed a cane toad
  9331 | Lair:1   | Noticed a cane toad
  9336 | Lair:1   | Noticed a cane toad
  9360 | Lair:1   | Reached XP level 11. HP: 58/58 MP: 12/12
  9380 | Lair:1   | Noticed Nergalle
  9441 | Lair:1   | Reached ***** piety under Okawaru
  9447 | Lair:1   | Reached skill level 12 in Stealth
  9773 | Lair:1   | Received a gift from Okawaru
 10551 | Lair:1   | Killed Nergalle
 10823 | Lair:2   | Found a staircase to the Swamp.
 10823 | Lair:2   | Noticed a bog body
 10830 | Lair:2   | Killed a bog body
 10830 | Lair:2   | Received a gift from Okawaru
 10831 | Lair:2   | Reached skill level 13 in Stealth
 11126 | Lair:2   | Received a gift from Okawaru
 11754 | Lair:3   | Identified the +2 hat of the Evening {Contam Dex+3 Slay+3}
                  | (Okawaru gifted it to you on level 3 of the Lair of Beasts)
 11754 | Lair:3   | Received a gift from Okawaru
 11764 | Lair:3   | Reached XP level 12. HP: 63/63 MP: 13/13
 11777 | Lair:3   | Found a snail-covered altar of Cheibriados.
 11924 | Lair:3   | Found a hole to the Spider Nest.
 12759 | Lair:3   | Reached skill level 14 in Stealth
 12832 | Lair:4   | Reached ****** piety under Okawaru
 12918 | Lair:4   | Noticed a death yak
 12918 | Lair:4   | Noticed a boulder beetle
 13312 | Lair:4   | Found a dark tunnel.
 13331 | Volcano  | Entered a volcano
 13422 | Volcano  | Reached skill level 15 in Stealth
 13527 | Volcano  | Identified the +2 cloak "Ecsa" {*Corrode rC++ Str+4}
                  | (Okawaru gifted it to you in a volcano)
 13527 | Volcano  | Received a gift from Okawaru
 13566 | Volcano  | Noticed a red draconian
 13611 | Volcano  | Killed a red draconian
 13666 | Volcano  | Reached XP level 13. HP: 69/69 MP: 14/14
 13694 | Volcano  | Noticed an orb of fire
 13796 | Volcano  | Noticed an orb of fire
 14066 | Lair:4   | Found a viscous altar of Jiyva.
 14067 | Lair:4   | Found a staircase to the Slime Pits.
 14342 | Lair:4   | Reached skill level 15 in Ranged Weapons
 14734 | Lair:5   | Entered Level 5 of the Lair of Beasts
 15351 | Lair:5   | Reached skill level 16 in Stealth
 15447 | Lair:5   | Received a gift from Okawaru
 16427 | D:10     | Found a runed translucent door.
 16427 | D:10     | Identified the +4 trident of the Singing Badger {heavy,
                  | Dex+2 SInv}
 16433 | D:10     | Noticed sirJeffrey23's ghost (journeyman TrMo)
 16818 | D:2      | Bought the ring "Kidaathrumo" {Fly rCorr Dex+2} for 377
                  | gold pieces
 17364 | D:11     | Found a staircase to the Orcish Mines.
 18093 | D:12     | Got the Cyclopedia of the Transformed Pyromaniac
 18106 | D:12     | Reached XP level 14. HP: 75/75 MP: 15/15
 18131 | D:12     | Noticed Urug
 18137 | D:12     | Killed Urug
 18265 | D:12     | Reached skill level 17 in Stealth
 18677 | D:13     | Noticed Rupert
 18702 | D:13     | Mangled by Rupert

Illustrated notes

Levels and vault maps discovered:
D:1:      roderic_lyre, layout_basic, hellmonk_ecumenical_altar_lost_god
D:2:      layout_loops_ring, serial_shops, shop, shop, shop, nicolae_shop_stone
D:3:      layout_loops_cross, jmf_multi_god_temple, serial_shops,
          nicolae_shop_waterfront, nicolae_eternal_life
D:4:      layout_basic, mainiacjoe_overflow_cross_hatched
D:5:      layout_cave_pools, minmay_temple_entry_butterflies, uniq_edmund
D:6:      layout_basic, nicolae_overflow_crystal_walls, kennysheep_potato,
          uniq_grinder
D:7:      layout_basic, mainiacjoe_overflow_catch_the_wave, glass_columns_a,
          uniq_crazy_yiuf_cottage
D:8:      nicolae_cairo_tiling, layout_rooms, xom_redecorated,
          nrook_mini_backslash, chequers_serial_rivers_micro_e
D:9:      layout_roguey [special_room_orc], erik_lair_island
D:10:     layout_roguey, ebering_ghost_funeral_grove, serial_shops,
          nicolae_shop_stone, uniq_grum
D:11:     layout_basic, erik_orc_4, minmay_fire_ice_demons
D:12:     layout_basic, uniq_urug
D:13:     layout_loops_corners, david_vaults_3, uniq_sonja
Temple:   regret_index_temple_waves
Lair:1:   layout_big_grid, gammafunk_ghost_arena, uniq_nergalle
Lair:2:   layout_cave_pods, skrybe_swamp_entry_bodies, grunt_megastairs_1,
          lemuel_fruit_fields, infiniplex_staircase_pool
Lair:3:   layout_layer_cave, nicolae_spider_entry_non_spiders, basic_altar,
          nicolae_quartered_pool_medium, minivault_25, grunt_megastairs_4
Lair:4:   nzn_winding_woodlands_small [nzn_winding_woodlands_5x15_sawtooth,
          nzn_winding_woodlands_center_garden,
          nzn_winding_woodlands_5x15_cabin], layout_regular_city, slime_entry_1,
          enter_volcano_1, st_stairs_4, lookout_lair_type,
          grunt_forest_large_clearings
Lair:5:   grunt_lair_end_beastmaster, layout_regular_city, minivault_27,
          serial_bayou_shore_b, serial_bayou_shore_b, serial_bayou_shore_b

Skill      XL: |  1  2  3  4  5  6  7  8  9 10 11 12 13 14 |
---------------+-------------------------------------------+-----
Stealth        | 2 3 4 5 6 8 10 11 13 15 16 17 | 17.0
Dodging        | 3 4 5 6 7 8 10 11 13 14 | 14.7
Fighting       | 2 3 4 5 6 7 8 9 |  9.7
Ranged Weapons | 5 6 7 8 10 11 13 14 16 | 16.2

Action                   |  1- 3 |  4- 6 |  7- 9 | 10-12 | 13-15 || total
-------------------------+-------+-------+-------+-------+-------++-------
 Fire: Shortbow          |    78 |   200 |   410 |  1161 |   465 ||  2314
       Arbalest          |       |       |       |       |   209 ||   209
  Use: Scroll            |       |     7 |    15 |     7 |     4 ||    33
       Potion            |       |       |     4 |     2 |     1 ||     7
Armor: Robe              |     3 |     4 |    11 |    49 |    32 ||    99
Dodge: Dodged            |     4 |    55 |   132 |   828 |   273 ||  1292

Table legend: (Time is in decaauts)
 A = Elapsed time spent in this place.
 B = Non-inter-level travel time spent in this place.
 C = Inter-level travel time spent in this place.
 D = Time resting spent in this place.
 E = Time spent auto-exploring this place.
 F = Levels seen in this place.
 G = Mean time per level.
                   A        B        C        D        E       F      G
               +--------+--------+--------+--------+--------+-----+--------+
         Total |  13191 |  12454 |    737 |     56 |   7931 |  20 |  659.5 |
       Dungeon |   8472 |   7964 |    508 |      0 |   5512 |  13 |  651.7 |
        Temple |     89 |     47 |     42 |      0 |     36 |   1 |   89.0 |
          Lair |   4134 |   3948 |    186 |     42 |   2132 |   5 |  826.8 |
       Volcano |    494 |    494 |      0 |     14 |    250 |   1 |  494.0 |
               +--------+--------+--------+--------+--------+-----+--------+

Top non-repeatable levels by time:
     D:9: 1168 daAuts
  Lair:5: 981 daAuts
  Lair:3: 929 daAuts
    D:10: 857 daAuts
     D:7: 821 daAuts
  Lair:1: 802 daAuts
     D:4: 791 daAuts
     D:3: 790 daAuts
  Lair:4: 773 daAuts
     D:8: 654 daAuts
  Lair:2: 648 daAuts
    D:11: 633 daAuts
     D:1: 595 daAuts
     D:5: 594 daAuts
     D:2: 515 daAuts
